 Dungeon Crawl Stone Soup version 0.30-a0-605-gb2882149bf (webtiles) character file.

Game seed: 2348541962203308284

3407 jasper the Destroyer (level 9, -7/63 (71) HPs)
             Began as a Demigod Conjurer on Jan 7, 2023.
             Mangled by a wight
             ... wielding a +0 dagger of electrocution
              (12 damage)
             ... on level 7 of the Dungeon.
             The game lasted 00:12:18 (9090 turns).

jasper the Destroyer (Demigod Conjurer)             Turns: 9090, Time: 00:12:19

HP:   -7/63 (71)    AC:  6    Str:  8    XL:     9   Next: 47%
MP:   20/20         EV: 12    Int: 32    God:
Gold: 355           SH:  5    Dex: 12    Spells: 7/17 levels left

rFire   + + .      SeeInvis +    D - +2 dagger (venom)
rCold   . . .      Faith    .    (no shield)
rNeg    . . .      Spirit   .    e - +0 leather armour {rF+}
rPois   .          Reflect  +    y - +0 helmet
rElec   .          Harm     .    (no cloak)
rCorr   .          Rampage  .    I - +0 pair of gloves
Will    .....                    u - +0 pair of boots
Stlth   ++                       F - amulet of reflection
HPRegen 0.30/turn                f - ring of see invisible
MPRegen 0.17/turn                G - ring of protection from fire

@: heavily drained
A: high MP 1, forlorn, divine attributes
a: no special abilities


You were on level 7 of the Dungeon.
You visited 1 branch of the dungeon, and saw 8 of its levels.

You collected 411 gold pieces.
You spent 56 gold pieces at shops.

Inventory:

Hand Weapons
 c - a +0 vampiric dagger
 r - a +0 mace of draining
 B - a +2 vampiric hand axe
 D - a +2 dagger of venom (weapon)
Missiles
 k - 69 stones
 m - 3 curare-tipped darts
 o - a throwing net
 v - 13 poisoned darts
Armour
 a - a +0 robe
 e - a +0 leather armour of fire resistance (worn)
 u - a +0 pair of boots (worn)
 y - a +0 helmet (worn)
 I - a +0 pair of gloves (worn)
Jewellery
 b - an amulet of guardian spirit
 f - a ring of see invisible (left hand)
 s - a ring of flight
 F - an amulet of reflection (around neck)
 G - a ring of protection from fire (right hand)
 M - a +4 ring of protection
Wands
 H - a wand of roots (20)
 K - a wand of charming (2)
Scrolls
 h - a scroll of vulnerability
 j - 3 scrolls of brand weapon
 l - a scroll of amnesia
 w - a scroll of poison
 E - a scroll of immolation
Potions
 d - a potion of lignification
 g - 9 potions of curing
 i - a potion of might {unknown}
 n - 2 potions of brilliance {unknown}
 p - 3 potions of heal wounds {unknown}
 q - 5 potions of haste {unknown}
 t - a potion of ambrosia
 x - 2 potions of degeneration {unknown}
 z - 2 potions of attraction {unknown}
 A - a potion of flight {unknown}
 C - a potion of mutation {unknown}


   Skills:
 + Level 3.7 Fighting
 - Level 0.2 Short Blades
 - Level 3.0 Armour
 + Level 4.2 Dodging
 - Level 1.7 Stealth
 + Level 4.9 Spellcasting
 * Level 9.9 Conjurations
 - Level 3.0 Hexes


You had 7 spell levels left.
You knew the following spells:

 Your Spells              Type           Power      Damage    Failure   Level
a - Magic Dart            Conj           100%       1d8       1%          1
b - Searing Ray           Conj           100%       2d8       1%          2
c - Dazzling Flash        Conj/Hex       98%        N/A       1%          3
d - Fulminant Prism       Conj/Hex       24%        3d12      4%          4

Your spell library contained the following spells:

 Spells                   Type           Power      Damage    Failure   Level
 Iskenderun's Mystic Bla  Conj/Tloc      39%        2d9       10%         4


Dungeon Overview and Level Annotations

Branches:
Dungeon (8/15)             Temple (0/1) D:5
   Lair: D:8-11

Shops:
D:1 (   D:5 *

Annotations:
D:4 Dowan, Duvessa
D:8 Pikel


Innate Abilities, Weirdness & Mutations

You have an increased reservoir of magic. (+10% MP)
You shall have no god before yourself.
Your divine heritage dramatically boosts your attributes as you level up.


Message History

As you read the scroll labelled AZEYTUO YXZEG, it crumbles to dust.
It is a scroll of enchant weapon.
Your +1 dagger of venom glows red for a moment.
As you read the scroll of identify, it crumbles to dust.
d - a potion of lignification
k - 69 stones (gained 6)
You feel your willpower return.
Done exploring.
Done exploring.
There is a stone staircase leading down here.
You climb downwards.
The lemure shouts! x3; You hear a howl!
Pikel shouts!
You hear a shout!
Found a sedimented clear potion.
There is a stone staircase leading up here.
You block the bullfrog's attack. The wight closely misses you.
The wight barely misses you.
The wight hits you with a +3 great sword!
You feel drained.
The wight hits you with a +0 great sword!!
You climb upwards.
There is a stone staircase leading down here.
You take 34 damage, and have 37/69 hp.
MASSIVE DAMAGE!!
Okay, then.
The wight attacks as you move away! The wight misses you.
You block the wight's attack. The wight attacks as you move away!
The wight hits you with a +3 great sword!
You feel drained. The wight attacks as you move away!
The wight hits you with a +0 great sword!
* * * LOW HITPOINT WARNING * * *
You feel drained.
You take 31 damage, and have 6/64 hp.
MASSIVE DAMAGE!!
Okay, then.
You feel better.
The wight hits you with a +0 dagger of electrocution.
* * * LOW HITPOINT WARNING * * *
You feel drained.
* * * LOW HITPOINT WARNING * * *
You are electrocuted!
You die...

..........#...# #...# #...##.....
........####..####..###[.####....
.......## #...###...#[)## #....
#......# ##............# #....
#......# #............####....
.......# #.......)............
.......# #....................
.......# ###..................#.
.......# ##...zz@................
.......# #.....zz........._......
.......####...>..................
..........#......................
#####..........................#.
#...........................[
##...........................#
##............................#
##.....##.....................##


You could see 4 wights.

Vanquished Creatures
  2 kobold demonologists (D:7)
  Prince Ribbit (D:5)
  Menkaure (D:7)
  Edmund (D:4)
  3 water moccasins
  2 orc warriors (D:7)
  An ice beast (D:7)
  A sky beast (D:7)
  3 black bears
  3 centaurs
  A phantom (D:6)
  2 bullfrogs
  A kobold brigand (D:7)
  A necrophage (D:7)
  A gnoll sergeant (D:7)
  2 scorpions
  An orc priest (D:6)
  8 hounds
  4 orc wizards
  4 iguanas
  Robin (D:3)
  12 adders
  7 gnolls
  A white imp (D:6)
  A worm (D:3)
  4 dart slugs
  21 orcs
  5 endoplasms
  A giant cockroach (D:1)
  10 goblins
  14 hobgoblins
  13 jackals
  A quokka (D:3)
  5 ball pythons
  3 bats
  3 frilled lizards
  4 kobolds
  3 rats
152 creatures vanquished.

Vanquished Creatures (others)
  8 fulminant prisms
  3 plants (D:4)
11 creatures vanquished.

Grand Total: 163 creatures vanquished

Notes
Turn   | Place    | Note
-------+----------+-------------------------------------------
     0 | D:1      | jasper the Demigod Conjurer began the quest for the Orb.
     0 | D:1      | Reached XP level 1. HP: 14/14 MP: 5/5
     1 | D:1      | Found Itrodwej's Antique Weapon Emporium.
   200 | D:1      | Reached skill level 4 in Conjurations
   361 | D:1      | Reached XP level 2. HP: 20/20 MP: 5/7
  1224 | D:2      | Reached XP level 3. HP: 25/26 MP: 5/8
  1227 | D:2      | Learned a level 2 spell: Searing Ray
  1231 | D:2      | Learned a level 3 spell: Dazzling Flash
  1722 | D:2      | Reached skill level 1 in Armour
  2275 | D:3      | Reached XP level 4. HP: 33/33 MP: 6/10
  2985 | D:3      | Reached skill level 5 in Conjurations
  2985 | D:3      | Reached XP level 5. HP: 15/38 MP: 3/12
  3000 | D:3      | Learned a level 4 spell: Fulminant Prism
  3411 | D:4      | Noticed Robin
  3418 | D:3      | Killed Robin
  3529 | D:4      | Noticed Dowan
  3531 | D:4      | Noticed Duvessa
  3533 | D:4      | Noticed Edmund
  3762 | D:4      | Reached skill level 1 in Hexes
  3986 | D:4      | Noticed a black bear
  4002 | D:3      | Killed a black bear
  4003 | D:3      | Reached XP level 6. HP: 45/45 MP: 1/14
  4560 | D:4      | Killed Edmund
  4595 | D:5      | Entered Level 5 of the Dungeon
  4603 | D:5      | Found Helef's General Store.
  4611 | D:5      | Bought a scroll of immolation for 56 gold pieces
  4807 | D:5      | Reached XP level 7. HP: 50/50 MP: 7/15
  4882 | D:5      | Reached skill level 6 in Conjurations
  5124 | D:5      | Noticed Prince Ribbit
  5143 | D:5      | Killed Prince Ribbit
  5144 | D:5      | Reached skill level 7 in Conjurations
  5327 | D:5      | Found a staircase to the Ecumenical Temple.
  6114 | D:6      | Reached skill level 8 in Conjurations
  6114 | D:6      | Reached XP level 8. HP: 57/57 MP: 10/16
  6335 | D:6      | Reached skill level 1 in Fighting
  7371 | D:7      | Reached skill level 9 in Conjurations
  7738 | D:7      | Reached XP level 9. HP: 37/68 MP: 13/18
  8251 | D:7      | Noticed a kobold demonologist
  8252 | D:7      | Noticed a kobold demonologist
  8261 | D:7      | Killed a kobold demonologist
  8261 | D:7      | Killed a kobold demonologist
  8274 | D:7      | Noticed Menkaure
  8341 | D:7      | Killed Menkaure
  9085 | D:8      | Noticed Pikel
  9090 | D:7      | Mangled by a wight

Illustrated notes

Levels and vault maps discovered:
D:1:      grunt_arrival_crossed_arrows, layout_loops_ring,
          hellmonk_ecumenical_altar_run_dry, serial_shops, shop,
          palyth_stone_intersect
D:2:      layout_loops_corners, minmay_circle_x
D:3:      layout_basic, amethyst_overflow_temple_binary
D:4:      layout_cave_pools, nicolae_hepliaklqana_hazy_memory, uniq_duvessa,
          uniq_edmund, uniq_robin
D:5:      layout_basic, lemuel_doored_altar, lemuel_temple_firewalk_b,
          serial_shops, nicolae_shop_stone, glass_columns_a, uniq_prince_ribbit1
D:6:      layout_basic, zin_scriptorium, nicolae_benzene_ring
D:7:      layout_layer_cave, overflow_temple_1_default,
          mainiacjoe_overflow_alcove_2, eat_drink_and_be_merry_uskayaw,
          uniq_menkaure
D:8:      layout_basic, mainiacjoe_overflow_cross_hatched, dpeg_lair_monsters,
          serial_shops, nicolae_shop_temple_entry_statues_fountains, uniq_pikel

Skill      XL: |  1  2  3  4  5  6  7  8  9 |
---------------+----------------------------+-----
Conjurations   | 4 5 8 9 |  9.9
Spellcasting   | 2 3 4 |  4.9
Armour         | 1 2 3 |  3.0
Hexes          | 1 2 3 |  3.0
Dodging        | 3 4 |  4.2
Fighting       | 2 3 |  3.7
Short Blades   | |  0.2
Stealth        | |  1.7

Action                   |  1- 3 |  4- 6 |  7- 9 || total
-------------------------+-------+-------+-------++-------
Melee: Dagger            |    13 |       |    34 ||    47
       Mace              |       |     4 |       ||     4
Throw: Dart              |       |     8 |     5 ||    13
       Throwing net      |       |     2 |     1 ||     3
 Cast: Magic Dart        |    65 |   109 |    66 ||   240
       Searing Ray       |     6 |    14 |    31 ||    51
       Fulminant Prism   |       |     1 |     7 ||     8
Evoke: Wand              |       |       |     2 ||     2
  Use: Potion            |     2 |       |     1 ||     3
       Scroll            |       |       |     9 ||     9
Armor: Leather armour    |     9 |    13 |    22 ||    44
Dodge: Dodged            |    28 |    20 |    55 ||   103
Block: Other             |       |       |    14 ||    14

Table legend: (Time is in decaauts)
 A = Elapsed time spent in this place.
 B = Non-inter-level travel time spent in this place.
 C = Inter-level travel time spent in this place.
 D = Time resting spent in this place.
 E = Time spent auto-exploring this place.
 F = Levels seen in this place.
 G = Mean time per level.
                   A        B        C        D        E       F      G
               +--------+--------+--------+--------+--------+-----+--------+
         Total |   9094 |   8653 |    441 |    946 |   6649 |   8 | 1136.8 |
       Dungeon |   9094 |   8653 |    441 |    946 |   6649 |   8 | 1136.8 |
               +--------+--------+--------+--------+--------+-----+--------+

Top non-repeatable levels by time:
     D:7: 2039 daAuts
     D:3: 1723 daAuts
     D:6: 1460 daAuts
     D:1: 1144 daAuts
     D:2: 1124 daAuts
     D:5: 992 daAuts
     D:4: 608 daAuts
     D:8: 1 daAuts
